Map: Dédale EC

Players

Uzikoti

  • Race: Terran Terran
  • League: Grandmaster
  • Spawn Location: 7:00

IA (très facile) - Winner!

  • Race: Terran Terran
  • Spawn Location: 1:00

VOD

Have the link to the VOD?

Description

Time

  • Played on: Aug. 9, 2018, 8:46 p.m.
  • Length: 6:47
Show
View Real Time Build Order
Export as new Build Order

Uzikoti Terran 

Build Orders: Cyclone Opening 

Get SALT Encoding   

  12  0:01  SCV  
  13  0:13  SCV  
  14  0:17  Supply Depot  
  14  0:25  SCV  
  14  0:27  Refinery  
  15  0:38  SCV  
  16  0:44  Barracks  
  16  0:50  SCV  
  16  0:54  Refinery  
  17  1:02  SCV  
  18  1:15  SCV  
  19  1:31  Factory, Orbital Command  
  19  1:33  Reaper  
  20  1:41  Supply Depot  
  20  1:56  SCV  
  21  2:05  Reaper  
  22  2:08  SCV  
  23  2:16  Cyclone  
  23  2:21  SCV  
  27  2:29  Command Center  
  27  2:33  SCV  
  28  2:40  Starport  
  28  2:45  SCV, Barracks Reactor  
  29  2:52  Supply Depot  
  29  2:54  Factory Tech Lab  
  29  2:57  SCV  
  30  3:09  SCV  
  31  3:16  Supply Depot  
  31  3:21  SCV, Marine x2  
  31  3:23  Raven  
  36  3:33  SCV  
  37  3:39  Marine x2  
  39  3:42  Orbital Command  
  39  3:44  Cyclone  
  39  3:46  SCV  
  43  3:56  Engineering Bay  
  43  3:58  SCV  
  46  4:09  SCV  
  45  4:10  SCV  
  45  4:13  Barracks, Starport Reactor, Marine  
  45  4:14  Stimpack  
  47  4:17  Barracks  
  47  4:21  SCV  
  47  4:23  SCV  
  49  4:25  Refinery  
  49  4:29  Terran Infantry Weapons Level 1  
  49  4:32  Marine  
  49  4:33  SCV  
  49  4:35  SCV  
  49  4:37  Supply Depot  
  52  4:38  Factory Tech Lab  
  53  4:45  SCV  
  53  4:47  SCV  
  54  4:53  Marine  
  54  4:56  Starport Reactor  
  54  4:57  SCV  
  54  4:59  SCV  
  57  5:01  Marine x2  
  57  5:05  Supply Depot  
  57  5:06  Siege Tank  
  62  5:09  SCV  
  62  5:10  Marine x3  
  62  5:13  SCV  
  67  5:16  Supply Depot  
  67  5:19  Marine x2  
  67  5:22  SCV  
  67  5:27  SCV  
  67  5:28  Supply Depot, Marine x3  
  73  5:32  Medivac x2  
  78  5:38  SCV, Marine x2  
  78  5:39  Supply Depot  
  78  5:40  Siege Tank  
  84  5:45  SCV, Marine  
  84  5:47  Supply Depot  
  84  5:49  Marine x2  
  88  5:51  Supply Depot  
  88  5:56  Marine x2  
  90  6:04  Marine, Medivac  
  92  6:06  Medivac  
  92  6:07  Marine x2  
  97  6:14  Marine x2  
  97  6:15  Command Center  
  99  6:22  Marine, Refinery  
  99  6:24  SCV  
  99  6:25  Marine x2  
  103  6:26  SCV  
Show
View Real Time Build Order
Export as new Build Order

IA (très facile) Terran - Winner!

Build Orders:  

Get SALT Encoding   

  12  0:00  SCV  
  13  0:13  SCV  
  14  0:18  Supply Depot  
  14  0:37  Refinery  
  14  0:41  Barracks  
  14  1:03  Supply Depot  
  14  1:12  Refinery  
  14  1:28  Barracks Tech Lab  
  14  1:30  Orbital Command  
  14  1:46  Marine  
  15  1:55  SCV  
  16  2:07  SCV  
  17  2:19  SCV  
  18  2:29  Marine  
  19  2:32  SCV  
  20  2:44  SCV  
  21  2:56  SCV  
  24  3:12  Marauder  
  24  6:30  SCV  
  26  6:34  Factory  
  26  6:36  Command Center, Supply Depot  
Tags
 
Matchup
TvT
Race
Terran
Spawn Locations
Cross Positions
Add a new tag
Caveats
  • Supply blocks, unpowered buildings, or Contaminate may cause inaccurate times.
  • Supply counts are checked every 10 seconds.